 Dungeon Crawl Stone Soup version 0.25-a0-36-g303dd5b1f4 (webtiles) character file.

Game seed: 5781050791391865818, levelgen mode: deterministic

432161 PatienceIsAVirtue the Demonic Blade (level 23, -13/199 HPs)
             Began as a Demonspawn Fighter on Oct 20, 2019.
             Was the Champion of Okawaru.
             Hit by a large rock thrown by a stone giant (33 damage)
             ... on level 5 of the Depths.
             The game lasted 01:46:01 (41258 turns).

PatienceIsAVirtue the Demonic Blade (DsFi)         Turns: 41258, Time: 01:46:01

Health: -13/199    AC: 30    Str: 16    XL:     23   Next: 13%
Magic:  27/27      EV: 16    Int: 12    God:    Okawaru [******]
Gold:   4399       SH:  0    Dex: 28    Spells: 22/22 levels left

rFire    + . .     SeeInvis .   V - +9 triple sword (freeze)
rCold    + . .     Gourm    .   (shield currently unavailable)
rNeg     . . .     Faith    .   I - +0 plate armour {rPois}
rPois    +         Spirit   .   (helmet unavailable)
rElec    .         Reflect  .   z - +2 cloak
rCorr    +         Harm     .   g - +2 pair of gloves "Efesiex" {*Slow Dex+7}
MR       ++...                  M - +1 pair of boots "Puothog" {rF+}
Stlth    ..........             w - amulet of regeneration
HPRegen  0.83/turn              x - ring of protection from magic
MPRegen  0.20/turn              D - +3 ring of evasion

@: very slightly contaminated, heavily drained
A: horns 3, yellow scales 3, cold resistance 1, passive freeze, powered by death
3, powered by pain 2, freezing cloud immunity
}: 1/15 runes: decaying
a: Heroism, Finesse, Renounce Religion


You were on level 5 of the Depths.
You worshipped Okawaru.
Okawaru was exalted by your worship.
You were not hungry.

You visited 7 branches of the dungeon, and saw 39 of its levels.
You visited the Abyss 1 time.
You also visited: Bailey and Ice Cave.

You collected 5608 gold pieces.
You spent 1209 gold pieces at shops.

Inventory:

Hand Weapons
 U - a +1 triple sword of flaming
 V - a +9 triple sword of freezing (weapon)
Missiles
 S - a throwing net (quivered)
Armour
 g - the +2 pair of gloves "Efesiex" (worn) {*Slow Dex+7}
   (Okawaru gifted it to you on level 2 of the Elven Halls)

   It affects your dexterity (+7).
   It may slow you when you take damage.
 h - the +0 cloak of a volcano {rF++ MR-}
   (You bought it in a shop on level 2 of the Orcish Mines)

   It greatly protects you from fire.
   It affects your resistance to hostile enchantments.
 t - the +6 plate armour of Pragmatism {*Slow rF++ Int+4}
   (Okawaru gifted it to you on level 3 of the Vaults)

   It affects your intelligence (+4).
   It greatly protects you from fire.
   It may slow you when you take damage.
 y - the +1 pair of gloves "Xosaf" {Dex+4}
   (You found it on level 4 of the Lair of Beasts)

   It affects your dexterity (+4).
 z - a +2 cloak (worn)
 F - +0 gold dragon scales
 I - a +0 plate armour of poison resistance (worn)
 L - the +0 chain mail of Recklessness {rF+ SInv}
   (Okawaru gifted it to you on level 12 of the Dungeon)

   It protects you from fire.
   It lets you see invisible.
 M - the +1 pair of boots "Puothog" (worn) {rF+}
   (Okawaru gifted it to you on level 3 of the Lair of Beasts)

   It protects you from fire.
 O - the +1 swamp dragon scales of the Alphagorgon {rPois rF+ MR- Dex+7 SInv}
   (Okawaru gifted it to you on level 3 of the Depths)

   It affects your dexterity (+7).
   It protects you from fire.
   It protects you from poison.
   It affects your resistance to hostile enchantments.
   It lets you see invisible.
 W - quicksilver dragon scales
 X - the +0 pair of boots of the Empire {rN++ Int+2 Dex-4}
   (You found it in a bailey)

   It affects your intelligence (+2).
   It affects your dexterity (-4).
   It greatly protects you from negative energy.
Jewellery
 b - an uncursed ring of protection from cold
 w - an amulet of regeneration (around neck)
 x - a ring of protection from magic (left hand)
 B - a +6 ring of dexterity
 D - a +3 ring of evasion (right hand)
 Y - an uncursed amulet of the acrobat
Wands
 a - a wand of digging (18)
 E - a wand of polymorph (26)
Scrolls
 j - 9 scrolls of enchant armour
 k - 18 scrolls of teleportation
 l - 9 scrolls of magic mapping
 o - 6 scrolls of acquirement
 p - 10 scrolls of fog
 q - 13 scrolls of amnesia
 r - a scroll of silence
 s - 7 scrolls of blinking
 u - 3 scrolls of fear
 v - 22 scrolls of remove curse
 P - 2 scrolls of summoning
 Q - 10 scrolls of identify
Potions
 c - 3 potions of flight
 d - 6 potions of might
 e - 8 potions of haste
 i - 5 potions of invisibility
 m - 8 potions of curing
 n - 6 potions of resistance
 C - 15 potions of heal wounds
 G - 4 potions of cancellation
 H - 2 potions of brilliance
 J - a potion of magic
 K - 3 potions of mutation
 N - 3 potions of ambrosia
 R - 3 potions of agility
 T - 3 potions of experience
 Z - 6 potions of berserk rage
Comestibles
 f - 67 rations
 A - 2 chunks of flesh


   Skills:
 - Level 20.9(18.3) Fighting
 - Level 24.0(21.2) Long Blades
 + Level 16.4(14.0) Armour
 * Level 12.9(10.7) Dodging
   Level 2.6(1.0) Shields
 - Level 6.1(4.2) Invocations


You had 22 spell levels left.
You didn't know any spells.
Your spell library contained the following spells:

 Spells                   Type           Power        Failure   Level  Hunger
 Corona                   Hex            #......      100%        1    ##.....
 Flame Tongue             Conj/Fire      #....        100%        1    ##.....
 Freeze                   Ice            #...         100%        1    ##.....
 Magic Dart               Conj           #...         100%        1    ##.....
 Pain                     Necr           #...         100%        1    ##.....
 Sting                    Conj/Pois      #...         100%        1    ##.....
 Summon Butterflies       Summ           #.......     100%        1    ##.....
 Blink                    Tloc           N/A          100%        2    ###....
 Call Imp                 Summ           #.......     100%        2    ###....
 Corpse Rot               Necr           N/A          100%        2    ###....
 Ensorcelled Hibernation  Hex/Ice        #.....       100%        2    ###....
 Poisonous Vapours        Pois/Air       #.....       100%        2    ###....
 Searing Ray              Conj           #.....       100%        2    ###....
 Slow                     Hex            #.......     100%        2    ###....
 Sublimation of Blood     Necr           #.........   100%        2    ###....
 Swiftness                Chrm/Air       #.......     100%        2    ###....
 Throw Flame              Conj/Fire      #.....       100%        2    ###....
 Throw Frost              Conj/Ice       #.....       100%        2    ###....
 Call Canine Familiar     Summ           #.......     100%        3    ####...
 Confuse                  Hex            #.......     100%        3    ####...
 Conjure Flame            Conj/Fire      #.......     100%        3    ####...
 Dazzling Spray           Conj/Hex       #.....       100%        3    ####...
 Gell's Gravitas          Tloc           #.........   100%        3    ####...
 Inner Flame              Hex/Fire       #.......     100%        3    ####...
 Mephitic Cloud           Conj/Pois/Air  #.......     100%        3    ####...
 Ozocubu's Armour         Chrm/Ice       #.......     100%        3    ####...
 Portal Projectile        Hex/Tloc       #.....       100%        3    ####...
 Tukima's Dance           Hex            #.......     100%        3    ####...
 Airstrike                Air            #.........   100%        4    #####..
 Cause Fear               Hex            #.........   100%        4    #####..
 Force Lance              Conj/Tloc      #.......     100%        4    #####..
 Fulminant Prism          Conj/Hex       #.........   100%        4    #####..
 Ice Form                 Ice/Tmut       #.......     100%        4    #####..
 Iskenderun's Mystic Bla  Conj           #.......     100%        4    #####..
 Olgreb's Toxic Radiance  Pois           #.......     100%        4    #####..
 Sticky Flame             Conj/Fire      #.......     100%        4    #####..
 Summon Ice Beast         Ice/Summ       #.......     100%        4    #####..
 Summon Lightning Spire   Summ/Air       #.......     100%        4    #####..
 Throw Icicle             Conj/Ice       #.......     100%        4    #####..
 Agony                    Necr           #.......     100%        5    ######.
 Bolt of Draining         Conj/Necr      #.........   100%        5    ######.
 Dispel Undead            Necr           #.......     100%        5    ######.
 Excruciating Wounds      Chrm/Necr      #.........   100%        5    ######.
 Fireball                 Conj/Fire      #.........   100%        5    ######.
 Irradiate                Conj/Tmut      #.........   100%        5    ######.
 Metabolic Englaciation   Hex/Ice        #.........   100%        5    ######.
 Silence                  Hex/Air        #.........   100%        5    ######.
 Summon Forest            Summ/Tloc      #.........   100%        5    ######.
 Summon Mana Viper        Hex/Summ       #.......     100%        5    ######.
 Venom Bolt               Conj/Pois      #.........   100%        5    ######.
 Yara's Violent Unravell  Hex/Tmut       #.........   100%        5    ######.
 Bolt of Cold             Conj/Ice       #.........   100%        6    #######
 Conjure Ball Lightning   Conj/Air       #.........   100%        6    #######
 Death Channel            Necr           #.........   100%        6    #######
 Deflect Missiles         Chrm/Air       #.........   100%        6    #######
 Dispersal                Tloc           #.........   100%        6    #######
 Freezing Cloud           Conj/Ice/Air   #.........   100%        6    #######
 Hydra Form               Tmut           #.........   100%        6    #######
 Ozocubu's Refrigeration  Ice            #.........   100%        6    #######
 Simulacrum               Ice/Necr       #.........   100%        6    #######
 Statue Form              Tmut/Erth      #........    100%        6    #######
 Dragon Form              Tmut           #.........   100%        7    #######
 Ring of Flames           Chrm/Fire      #.........   100%        7    #######
 Summon Hydra             Summ           #.........   100%        7    #######
 Controlled Blink         Tloc           N/A          100%        8    #######
 Discord                  Hex            #.........   100%        8    #######
 Disjunction              Tloc           #.........   100%        8    #######


Dungeon Overview and Level Annotations

Branches:
Dungeon (15/15)            Temple (0/1) D:7            Lair (6/6) D:9
  Swamp (4/4) Lair:3       Spider (0/4) Lair:4        Slime (0/5) Lair:6
    Orc (2/2) D:10            Elf (3/3) Orc:2        Vaults (4/5) D:13
  Crypt (0/3) Vaults:2     Depths (5/5) D:15         Bailey (visited)
  IceCv (visited)
    Zot: Depths:5

Altars:
Cheibriados
Elyvilon
Hepliaklqana
Kikubaaqudgha
Makhleb
Nemelex Xobeh
Okawaru
Qazlal
Ru
Sif Muna
Trog
Uskayaw
Vehumet
Wu Jian
Xom
Yredelemnul
Zin
Beogh

Shops:
D:10 (   D:11 *   D:15 *   Orc:1 (::(   Orc:2 [(**!   Elf:1 (   Vaults:2 =
Vaults:4 [   Depths:4 *

Portals:
Hell: Depths:1 Depths:2 Depths:3 Depths:4 Depths:5
Abyss: Depths:4
Pandemonium: Depths:3
Ziggurat: Depths:1
Trove: Vaults:1 (give 7 potions of agility)

Annotations:
D:8 1 runed translucent door, Fingolfin's ghost, novice TrMo
D:13 exclusion: ice statue
Lair:6 exclusion: 4 oklob plants
Vaults:2 3 runed translucent doors, Oqaxass's ghost, adept BaSu
Depths:4 2 transporters


Innate Abilities, Weirdness & Mutations

You have a pair of large horns on your head.
You are completely covered in yellow scales. (AC +4, rCorr)
Your flesh is cold resistant. (rC+)
A frigid envelope surrounds you and freezes all who hurt you.
You regenerate a lot of health from kills.
You sometimes gain power by taking damage.
You are immune to freezing clouds.


Message History

The ice dragon breathes frost at you. The blast of cold hits you. You resist.
* * * LOW HITPOINT WARNING * * *
The titan gestures at you while chanting.
The bolt of lightning hits you!!
* * * LOW HITPOINT WARNING * * *
There is an open door here.
You feel like a meek peon again. The ice dragon breathes frost at you.
The blast of cold hits you! You resist.
* * * LOW HITPOINT WARNING * * *
A great orb of eyes comes into view.
Blink to where?
Press: ? - help, Dir - move target cursor You are very lightly contaminated with residual magic.
As you read the scroll of blinking, it crumbles to dust.
A stone giant comes into view.
The stone giant shouts!
The stone giant throws a large rock.
The large rock hits you!!
You die...

..)...##.....D##.#..#######
...⌠..#####.......###...
..........###..##C# ...
##..........+...#.# ...
#.......####...#.#...
##..⌠..###.....#.#.## #
#.......###÷#.#....# #
#......#..÷÷..#....### #
#.....#####...@....... #
#..⌠..#.....###....... #
#.....#...#...#.....### #
#....##.###...#........ #
#....#..#.....##.##... #
....##.##.....#.....##
##...##..##.....#....#
...##...#..........### ##
##....#.####.#...#.## #.#


You could see a stone giant.

Vanquished Creatures
  Mennas (Vaults:3)
  Saint Roka (Vaults:1)
  2 golden dragons
  Rupert (D:14)
  3 liches
  3 deep elf blademasters
  The ghost of confidenceinterval the Tortoise, an adept GrBe of Trog (Depths:2)
  A quicksilver dragon (Depths:4)
  2 deep elf master archers (Elf:3)
  3 sphinxes
  3 tengu reavers
  2 shadow dragons
  2 thorn hunters
  9 fire giants
  6 deep elf sorcerers
  4 vault wardens
  11 frost giants
  An iron dragon (Depths:3)
  2 orc warlords
  A deep elf elementalist (Elf:3)
  2 draconian annihilators (Depths:5)
  A curse skull (Vaults:2)
  2 war gargoyles
  10 ironheart preservers
  A spriggan defender (Depths:3)
  21 stone giants
  An angel (Abyss:3)
  2 green draconians (Depths:5)
  26 very ugly things
  2 entropy weavers
  A vampire knight (Depths:4)
  9 deep elf demonologists
  2 purple draconians (Depths:5)
  7 deep elf annihilators
  3 white draconians (Depths:5)
  Snorg (D:14)
  A spark wasp (Depths:3)
  6 deep elf death magi
  8 ettins
  A blizzard demon (Abyss:3)
  A green death (Abyss:3)
  25 fire dragons
  A merfolk impaler (Depths:4)
  An eidolon (Vaults:2)
  3 deep elf high priests
  9 yaktaur captains
  8 great orbs of eyes
  10 ogre magi
  20 ice dragons
  A hell beast (Depths:5)
  6 rakshasas
  Josephine (Orc:1)
  2 spriggan air magi (Depths:5)
  17 hydras
  A catoblepas (Depths:3)
  A ghost crab (Swamp:2)
  An anaconda (shapeshifter) (Depths:4)
  Erica (Lair:1)
  2 death knights
  2 shambling mangroves
  15 deep troll shamans
  6 tengu warriors
  29 two-headed ogres
  16 centaur warriors
  8 alligators
  A death yak (D:9)
  2 vampire magi
  37 dancing weapons
  An orc high priest (Orc:2)
  11 deep troll earth magi
  A storm dragon zombie (Depths:4)
  5 spriggan berserkers
  27 deep elf knights
  Nergalle (D:11)
  A wretched star (Abyss:3)
  A fire crab (Swamp:4)
  18 hell knights
  7 skeletal warriors (D:15)
  2 iron trolls
  8 swamp dragons
  4 glowing orange brains
  2 flayed ghosts (Vaults:4)
  4 unseen horrors
  26 deep elf archers
  3 wizards
  A sea snake (shapeshifter) (Depths:3)
  29 deep trolls
  2 phantasmal warriors
  2 lindwurms
  4 ironbrand convokers
  11 orc knights
  5 harpies (Vaults:2)
  An oklob plant (Lair:1)
  3 orc sorcerers
  9 cyclopes
  A manticore (shapeshifter) (Vaults:3)
  2 wolf spiders
  93 deep elf magi
  42 ugly things
  9 necromancers
  3 manticores
  2 sphinx skeletons (Depths:4)
  2 moths of wrath (shapeshifter)
  A fire giant skeleton (Depths:2)
  4 elephants (Lair:6)
  A black mamba (shapeshifter) (Vaults:2)
  An ice statue (IceCv)
  A rust devil (Depths:5)
  6 black mambas
  A smoke demon (Abyss:3)
  10 vault sentinels
  2 gargoyles (D:13)
  An apocalypse crab (Abyss:3)
  2 molten gargoyles (Lair:6)
  A dire elephant skeleton (Abyss:3)
  4 kobold demonologists
  15 spiny frogs
  A rime drake (Lair:6)
  2 efreet
  49 yaktaurs
  12 komodo dragons
  A rime drake (shapeshifter) (Vaults:4)
  A yaktaur (shapeshifter) (Depths:5)
  A red devil (Depths:5)
  13 freezing wraiths
  A queen bee (Lair:3)
  4 tengu conjurers
  5 trolls
  A queen bee (shapeshifter) (Depths:1)
  A large abomination (Abyss:3)
  2 hellwings (Abyss:3)
  A meliai (shapeshifter) (Depths:2)
  A jumping spider (Vaults:3)
  10 hornets
  A raiju (shapeshifter) (Vaults:2)
  6 polar bears
  A blink frog (shapeshifter) (Vaults:1)
  Grinder (D:3)
  4 tyrant leeches
  27 slime creatures
  10 bog bodies
  2 hippogriffs (shapeshifter)
  9 hippogriffs
  8 blink frogs
  3 raiju (Abyss:3)
  5 dream sheep (Lair:6)
  A fire giant simulacrum (Depths:2)
  A tarantella (Vaults:3)
  4 redbacks (Vaults:4)
  3 air elementals
  7 spriggans
  4 shadows
  4 wyverns
  15 water elementals
  9 wraiths
  40 yaks
  A vampire (D:11)
  3 basilisks
  A small abomination (Abyss:3)
  4 fire elementals
  22 vampire mosquitoes
  A hungry ghost (D:12)
  4 human simulacra
  2 steam dragons
  Grum (D:9)
  2 chaos spawn (Abyss:3)
  2 death yak simulacra (IceCv)
  4 wargs
  4 acid dragons
  An insubstantial wisp (Abyss:3)
  14 swamp worms
  2 soldier ants
  11 hell hounds
  7 water moccasins
  3 porcupines
  2 black bears (shapeshifter)
  47 orc warriors
  11 swamp drakes
  5 sky beasts
  An eye of draining (D:10)
  14 ice beasts
  An alligator simulacrum (IceCv)
  2 necrophages
  4 wolves (D:9)
  31 ogres
  8 boggarts
  45 centaurs
  10 crocodiles
  A wolf (shapeshifter) (Vaults:3)
  A big kobold (D:15)
  21 bullfrogs
  2 earth elementals (Elf:2)
  A gnoll sergeant (D:12)
  A wyvern skeleton (D:6)
  A water moccasin zombie (D:5)
  A wyvern zombie (D:12)
  A glowing shapeshifter simulacrum (Depths:5)
  4 scorpions
  2 water moccasin skeletons
  20 killer bees
  16 wights
  3 electric eels
  3 howler monkeys
  6 crimson imps
  5 lava snakes (Lair:6)
  5 centaur zombies
  9 hounds
  2 quasits
  6 bullfrog zombies
  5 bullfrog skeletons
  3 jellies
  4 draconian simulacra (IceCv)
  22 orc priests
  2 centaur skeletons
  10 worker ants
  24 orc wizards
  5 iguanas
  2 spriggan simulacra (IceCv)
  2 hell rats (Lair:5)
  A polar bear simulacrum (IceCv)
  6 troll simulacra (IceCv)
  A killer bee zombie (D:7)
  4 centaur simulacra (IceCv)
  A hound zombie (D:8)
  2 hound skeletons
  A worker ant zombie (D:10)
  14 gnolls
  3 ogre simulacra (IceCv)
  7 river rats (Lair:5)
  11 adders
  A naga simulacrum (IceCv)
  2 shadow imps
  16 white imps
  An ufetubus (Abyss:3)
  An adder zombie (D:5)
  3 adder skeletons
  3 worms
  A dart slug (D:4)
  6 leopard geckos
  136 orcs
  2 ball pythons (D:2)
  5 giant cockroaches
  11 goblins
  19 hobgoblins
  9 jackals
  2 quokkas
  A ball python skeleton (D:4)
  9 bats
  6 frilled lizards
  11 kobolds
  2 quokka skeletons (D:4)
  4 rats
  A plant (Lair:1)
1820 creatures vanquished.

Vanquished Creatures (others)
  A hydra (Swamp:4)
  An ogre mage (Vaults:4)
  2 deep elf knights
  2 swamp dragons (Swamp:4)
  A lindwurm (Swamp:4)
  2 deep elf magi (Elf:1)
  A molten gargoyle (Lair:6)
  A yak (D:13)
  2 steam dragons (Swamp:4)
  5 swamp drakes (Swamp:4)
  An orc (Orc:1)
  3 briar patches (Swamp:1)
  8 fungi
  9 plants
39 creatures vanquished.

Grand Total: 1859 creatures vanquished

Notes
Turn   | Place    | Note
-------+----------+-------------------------------------------
     0 | D:1      | PatienceIsAVirtue the Demonspawn Fighter began the quest
                  | for the Orb.
     0 | D:1      | Reached XP level 1. HP: 18/18 MP: 1/1
    56 | D:1      | Reached skill level 2 in Long Blades
    93 | D:1      | Gained mutation: You have a pair of small horns on your
                  | head. [demonic ancestry]
    93 | D:1      | Reached XP level 2. HP: 16/24 MP: 2/2
   664 | D:1      | You fall into a shaft and drop 1 floor!
   699 | D:2      | Gained mutation: You regenerate a little health from kills.
                  | [demonic ancestry]
   699 | D:2      | Reached XP level 3. HP: 12/29 MP: 3/3
   701 | D:2      | Found a radiant altar of Vehumet.
  1821 | D:2      | Reached skill level 3 in Long Blades
  2015 | D:3      | Gained mutation: You are partially covered in yellow
                  | scales. (AC +2) [demonic ancestry]
  2015 | D:3      | Reached XP level 4. HP: 37/37 MP: 4/4
  2243 | D:3      | Found a hide-covered altar of Uskayaw.
  2359 | D:3      | Found a glowing silver altar of Zin.
  2359 | D:3      | Noticed an angel
  2417 | D:3      | Gained mutation: You have a pair of horns on your head.
                  | [demonic ancestry]
  2417 | D:3      | Reached XP level 5. HP: 43/43 MP: 5/5
  2477 | D:3      | Noticed Grinder
  2492 | D:3      | Killed Grinder
  2492 | D:3      | Reached skill level 5 in Fighting
  2492 | D:3      | Reached skill level 4 in Long Blades
  2492 | D:3      | Gained mutation: You have a pair of large horns on your
                  | head. [demonic ancestry]
  2492 | D:3      | Reached XP level 6. HP: 49/51 MP: 6/6
  2537 | D:3      | Found a hazy altar of Hepliaklqana.
  2540 | D:3      | Found an iron altar of Okawaru.
  2543 | D:3      | Became a worshipper of Warmaster Okawaru
  2546 | D:3      | Found a sacrificial altar of Ru.
  2551 | D:3      | Found a snail-covered altar of Cheibriados.
  2619 | D:3      | Found an ancient bone altar of Kikubaaqudgha.
  2822 | D:4      | Found a white marble altar of Elyvilon.
  2834 | D:4      | Reached skill level 1 in Invocations
  2957 | D:4      | Reached skill level 5 in Long Blades
  2957 | D:4      | Gained mutation: You sometimes gain a little power by
                  | taking damage. [demonic ancestry]
  2957 | D:4      | Reached XP level 7. HP: 44/57 MP: 8/8
  3285 | D:4      | Reached * piety under Okawaru
  3668 | D:5      | Entered Level 5 of the Dungeon
  3887 | D:5      | Reached skill level 6 in Long Blades
  3887 | D:5      | Gained mutation: You regenerate health from kills. [demonic
                  | ancestry]
  3887 | D:5      | Reached XP level 8. HP: 47/67 MP: 10/10
  3984 | D:5      | Found an ornate altar of the Wu Jian Council.
  4216 | D:5      | Reached ** piety under Okawaru
  4460 | D:6      | Reached skill level 5 in Invocations
  5070 | D:7      | Reached skill level 7 in Long Blades
  5082 | D:7      | Gained mutation: You regenerate a lot of health from kills.
                  | [demonic ancestry]
  5082 | D:7      | Reached XP level 9. HP: 75/75 MP: 13/13
  5111 | D:7      | Found a staircase to the Ecumenical Temple.
  5386 | D:7      | Reached *** piety under Okawaru
  5676 | D:8      | Found an ornate altar of the Wu Jian Council.
  5690 | D:8      | Noticed a two-headed ogre
  5787 | D:8      | Killed a two-headed ogre
  5787 | D:8      | Reached skill level 10 in Fighting
  5787 | D:8      | Reached skill level 8 in Long Blades
  5958 | D:8      | Reached **** piety under Okawaru
  6206 | D:8      | Found a runed translucent door.
  6206 | D:8      | Noticed a centaur warrior
  6300 | D:8      | Noticed Fingolfin's ghost (novice TrMo)
  6548 | D:9      | Noticed a death yak
  6588 | D:9      | Reached XP level 10. HP: 72/86 MP: 14/14
  6597 | D:9      | Found a staircase to the Lair.
  6636 | D:9      | Killed a death yak
  6650 | D:9      | Got a crude broad axe
  6661 | D:9      | Identified the +4 broad axe of Equilibrium {chop, Str+2
                  | Int+2 Stlth+} (You found it on level 9 of the Dungeon)
  7080 | D:9      | Reached ***** piety under Okawaru
  7119 | D:9      | Noticed Grum
  7131 | D:9      | Killed Grum
  7295 | D:10     | Entered Level 10 of the Dungeon
  7447 | D:10     | Reached skill level 9 in Long Blades
  7603 | D:10     | Found a staircase to the Orcish Mines.
  7675 | D:10     | Received a gift from Okawaru
  7813 | D:10     | Reached XP level 11. HP: 66/98 MP: 15/15
  7870 | D:10     | Found Tueri's Weapon Emporium.
  8080 | D:10     | Noticed a two-headed ogre
  8107 | D:10     | Killed a two-headed ogre
  8184 | Lair:1   | Entered Level 1 of the Lair of Beasts
  8735 | Lair:1   | Noticed Erica
  8735 | Lair:1   | Noticed an eight-headed hydra
  8788 | Lair:1   | Killed Erica
  9292 | Lair:1   | Killed a five-headed hydra
  9292 | Lair:1   | Reached skill level 10 in Long Blades
  9410 | Lair:1   | Noticed an oklob plant
  9429 | Lair:1   | Killed an oklob plant
  9429 | Lair:1   | Reached ****** piety under Okawaru
 10146 | Lair:2   | Received a gift from Okawaru
 10612 | Lair:2   | Reached skill level 11 in Long Blades
 10612 | Lair:2   | Gained mutation: Your flesh is cold resistant. (rC+)
                  | [demonic ancestry]
 10612 | Lair:2   | Reached XP level 12. HP: 100/108 MP: 16/16
 10997 | Lair:3   | Received a gift from Okawaru
 11004 | Lair:3   | Got a pair of translucent boots {god gift}
 11010 | Lair:3   | Identified the +1 pair of boots "Puothog" {rF+} (Okawaru
                  | gifted it to you on level 3 of the Lair of Beasts)
 11276 | Lair:3   | Found a staircase to the Swamp.
 11595 | Lair:3   | Noticed a five-headed hydra
 11603 | Lair:3   | Killed a one-headed hydra
 11603 | Lair:3   | Reached skill level 12 in Long Blades
 12042 | Lair:4   | Found a hole to the Spider Nest.
 12085 | Lair:4   | Got a pair of faintly humming gloves
 12091 | Lair:4   | Identified the +1 pair of gloves "Xosaf" {Dex+4} (You found
                  | it on level 4 of the Lair of Beasts)
 12877 | Lair:5   | Noticed a seven-headed hydra
 12884 | Lair:5   | Killed a four-headed hydra
 12884 | Lair:5   | Reached skill level 13 in Long Blades
 13304 | Lair:5   | Found a sparkling altar of Nemelex Xobeh.
 13526 | Lair:6   | Entered Level 6 of the Lair of Beasts
 13717 | Lair:6   | Reached skill level 14 in Long Blades
 13723 | Lair:6   | Reached XP level 13. HP: 106/114 MP: 17/17
 13729 | Lair:6   | Received a gift from Okawaru
 13923 | Lair:6   | Found a staircase to the Slime Pits.
 14364 | Lair:6   | Reached skill level 15 in Long Blades
 14458 | Lair:6   | Received a gift from Okawaru
 14491 | Lair:6   | Found a large runed translucent door.
 14492 | Lair:6   | Found a large runed translucent door.
 14500 | Lair:6   | Noticed a fire dragon
 14523 | Lair:6   | Killed a fire dragon
 14937 | Orc:1    | Entered Level 1 of the Orcish Mines
 15076 | Orc:1    | Noticed Josephine
 15084 | Orc:1    | Killed Josephine
 15148 | Orc:1    | Found Neolairph's Book Emporium.
 15174 | Orc:1    | Found Dyitrogytt's Weapon Shoppe.
 15292 | Orc:1    | Reached skill level 16 in Long Blades
 15492 | Orc:2    | Entered Level 2 of the Orcish Mines
 15519 | Orc:2    | Found a roughly hewn altar of Beogh.
 15583 | Orc:2    | Found a staircase to the Elven Halls.
 15605 | Orc:2    | Found a roughly hewn altar of Beogh.
 15817 | Orc:1    | Found Siakicog's Book Emporium.
 15847 | Orc:1    | Noticed Sonja
 15923 | Orc:1    | Noticed Sonja
 15923 | Orc:1    | Sonja changed into Sonja the soldier ant
 15930 | Orc:1    | Killed Sonja the soldier ant
 15931 | Orc:1    | Found Ellof Jusch's Antique Weapon Emporium.
 16259 | Orc:2    | Found a roughly hewn altar of Beogh.
 16493 | Orc:2    | Found a roughly hewn altar of Beogh.
 16506 | Orc:2    | Reached XP level 14. HP: 72/121 MP: 18/18
 16522 | Orc:2    | Found Boewiq's Distillery.
 16527 | Orc:2    | Bought a potion of agility for 56 gold pieces
 16527 | Orc:2    | Bought a potion of heal wounds for 70 gold pieces
 16527 | Orc:2    | Bought a potion of curing for 42 gold pieces
 16527 | Orc:2    | Bought a potion of heal wounds for 70 gold pieces
 16527 | Orc:2    | Bought a potion of might for 56 gold pieces
 16581 | Orc:2    | Found Pojy's General Store.
 16583 | Orc:2    | Noticed an orc warlord
 16616 | Orc:2    | Killed an orc warlord
 16616 | Orc:2    | Received a gift from Okawaru
 16685 | Orc:2    | Bought a potion of cancellation for 104 gold pieces
 16750 | Orc:2    | Found Arahad's Antique Weapon Shop.
 16753 | Orc:2    | Found a roughly hewn altar of Beogh.
 16756 | Orc:2    | Found Umoliw's Antique Armour Boutique.
 16769 | Orc:2    | Bought a brightly glowing cloak for 256 gold pieces
 16779 | Orc:2    | Identified the cursed +0 cloak of a volcano {rF++ MR-} (You
                  | bought it in a shop on level 2 of the Orcish Mines)
 16819 | Orc:2    | Found a roughly hewn altar of Beogh.
 16820 | Orc:2    | Found Wubuzeel's General Store.
 16859 | Orc:2    | Found a roughly hewn altar of Beogh.
 16982 | D:11     | Found a flagged portal.
 17001 | Bailey   | Entered a bailey
 17006 | Bailey   | Noticed an orc warlord
 17062 | Bailey   | Found a runed translucent gate.
 17063 | Bailey   | Found a runed translucent gate.
 17064 | Bailey   | Found a runed translucent gate.
 17105 | Bailey   | Killed an orc warlord
 17226 | Bailey   | Got a pair of faintly glowing boots
 17237 | Bailey   | Identified the cursed +0 pair of boots of the Empire {rN++
                  | Int+2 Dex-4} (You found it in a bailey)
 17292 | D:11     | Noticed Nergalle
 17295 | D:11     | Reached skill level 17 in Long Blades
 17423 | D:11     | Killed Nergalle
 17423 | D:11     | Reached skill level 15 in Fighting
 17560 | D:11     | Found a shimmering altar of Xom.
 17567 | D:11     | Found Lumes Yqut's General Store.
 18368 | D:12     | Received a gift from Okawaru
 18378 | D:12     | Got a bloodstained chain mail {god gift}
 18389 | D:12     | Identified the +0 chain mail of Recklessness {rF+ SInv}
                  | (Okawaru gifted it to you on level 12 of the Dungeon)
 18991 | D:13     | Reached skill level 18 in Long Blades
 19072 | D:13     | Reached XP level 15. HP: 108/130 MP: 19/19
 19191 | D:13     | Received a gift from Okawaru
 19206 | D:13     | Got a pitted double sword {god gift}
 19207 | D:13     | Identified the +5 double sword of Qeeck {venom, rPois rC++
                  | Int-5} (Okawaru gifted it to you on level 13 of the
                  | Dungeon)
 19405 | D:13     | Found a gate to the Vaults.
 19426 | D:13     | Reached skill level 1 in Dodging
 19566 | D:14     | Noticed Snorg
 19586 | D:14     | Killed Snorg
 19690 | D:14     | Noticed Rupert
 19705 | D:14     | Killed Rupert
 19705 | D:14     | Received a gift from Okawaru
 19711 | D:14     | Got a slimy shield {god gift}
 19722 | D:14     | Identified the +3 shield of the Ditch-Digger {rC+ MP+9}
                  | (Okawaru gifted it to you on level 14 of the Dungeon)
 20129 | D:15     | Entered Level 15 of the Dungeon
 20145 | D:15     | Found a frozen archway.
 20154 | IceCv    | Entered an ice cave
 20433 | IceCv    | Found an ancient bone altar of Kikubaaqudgha.
 20548 | IceCv    | Reached skill level 5 in Armour
 20799 | IceCv    | Identified Sif Muna's Volume of the Glacier
 20948 | D:15     | Found Ehuesiow's Demolitions Depot.
 21121 | D:15     | Received a gift from Okawaru
 21597 | D:15     | Found a staircase to the Depths.
 22032 | Swamp:1  | Entered Level 1 of the Swamp
 22044 | Swamp:1  | Gained mutation: You are immune to freezing clouds.
                  | [demonic ancestry]
 22044 | Swamp:1  | Reached XP level 16. HP: 85/139 MP: 20/20
 22120 | Swamp:1  | Noticed a thorn hunter
 22160 | Swamp:1  | Killed a thorn hunter
 22885 | Swamp:2  | Received a gift from Okawaru
 22943 | Swamp:2  | Found a basalt altar of Yredelemnul.
 22992 | Swamp:2  | Reached skill level 19 in Long Blades
 23711 | Swamp:3  | Received a gift from Okawaru
 24324 | Swamp:4  | Entered Level 4 of the Swamp
 24367 | Swamp:4  | Noticed a thorn hunter
 24384 | Swamp:4  | Killed a thorn hunter
 24717 | Swamp:4  | Reached skill level 5 in Dodging
 24901 | Swamp:4  | Got a decaying rune of Zot
 25473 | Vaults:1 | Entered Level 1 of the Vaults
 25581 | Vaults:1 | Noticed Saint Roka
 25639 | Vaults:1 | Killed Saint Roka
 25639 | Vaults:1 | Received a gift from Okawaru
 25763 | Vaults:1 | Found a portal to a secret trove of treasure.
 26050 | Vaults:1 | Gained mutation: A frigid envelope surrounds you and
                  | freezes all who hurt you. [demonic ancestry]
 26050 | Vaults:1 | Reached XP level 17. HP: 129/147 MP: 21/21
 26281 | Vaults:1 | Received a gift from Okawaru
 26690 | Vaults:1 | Reached skill level 10 in Armour
 27520 | Vaults:2 | Found a shimmering blue altar of Sif Muna.
 27573 | Vaults:2 | Received a gift from Okawaru
 27706 | Vaults:2 | Found a runed translucent gate.
 27706 | Vaults:2 | Found an ancient bone altar of Kikubaaqudgha.
 27706 | Vaults:2 | Noticed a lich
 27706 | Vaults:2 | Noticed a lich
 27706 | Vaults:2 | Noticed an ancient lich
 27706 | Vaults:2 | Noticed Oqaxass's ghost (adept BaSu)
 27707 | Vaults:2 | Found a runed translucent gate.
 27707 | Vaults:2 | Found a runed translucent gate.
 27707 | Vaults:2 | Noticed an ancient lich
 27904 | Vaults:2 | Reached skill level 20 in Long Blades
 28261 | Vaults:2 | Found Zugedeexa's Jewellery Emporium.
 28423 | Vaults:2 | Found a staircase to the Crypt.
 28798 | Vaults:3 | Gained mutation: You are mostly covered in yellow scales.
                  | (AC +3) [demonic ancestry]
 28798 | Vaults:3 | Reached XP level 18. HP: 149/156 MP: 22/22
 28810 | Vaults:3 | Found the +9 staff of Wucad Mu {channel}
 28947 | Vaults:3 | Noticed Mennas
 28975 | Vaults:3 | Killed Mennas
 29122 | Vaults:3 | Paralysed by a hornet for 1 turns
 29334 | Vaults:3 | Received a gift from Okawaru
 29357 | Vaults:3 | Got a dazzling plate armour {god gift}
 29368 | Vaults:3 | Identified the +6 plate armour of Pragmatism {*Slow rF++
                  | Int+4} (Okawaru gifted it to you on level 3 of the Vaults)
 30067 | Vaults:4 | Found Isha's Antique Armour Emporium.
 30215 | Vaults:4 | Bought a pair of encrusted boots for 180 gold pieces
 30225 | Vaults:4 | Identified the +0 pair of boots of Untiraed {+Inv rPois rF-
                  | rN+} (You bought it in a shop on level 4 of the Vaults)
 30435 | Vaults:4 | Received a gift from Okawaru
 30600 | Vaults:4 | Paralysed by a great orb of eyes for 4 turns
 30638 | Vaults:4 | Received a gift from Okawaru
 30654 | Vaults:4 | Reached XP level 19. HP: 164/164 MP: 23/23
 31089 | Vaults:4 | Reached skill level 21 in Long Blades
 31222 | Vaults:4 | Found a burning altar of Makhleb.
 31521 | Elf:1    | Entered Level 1 of the Elven Halls
 31885 | Elf:1    | Found Femet's Weapon Emporium.
 32112 | Elf:1    | Found a bloodstained altar of Trog.
 32743 | Elf:2    | Received a gift from Okawaru
 32862 | Elf:2    | Got a pair of steaming gloves {god gift}
 32876 | Elf:2    | Identified the +2 pair of gloves "Efesiex" {*Slow Dex+7}
                  | (Okawaru gifted it to you on level 2 of the Elven Halls)
 32893 | Elf:2    | Identified 4 scrolls of acquirement
 32989 | Elf:2    | Identified Duymm's Guide on Calling
 33247 | Elf:2    | Gained mutation: You are completely covered in yellow
                  | scales. (AC +4, rCorr) [demonic ancestry]
 33247 | Elf:2    | Reached XP level 20. HP: 163/174 MP: 24/24
 33295 | Elf:2    | Found a huge runed translucent gate.
 33295 | Elf:2    | Found a huge runed translucent gate.
 33299 | Elf:2    | Found a huge runed translucent gate.
 33299 | Elf:2    | Found a huge runed translucent gate.
 33299 | Elf:2    | Found a huge runed translucent gate.
 33671 | Elf:2    | Received a gift from Okawaru
 33849 | Elf:3    | Entered Level 3 of the Elven Halls
 34409 | Elf:3    | Cast into level 3 of the Abyss (a deep elf demonologist)
 34630 | Abyss:3  | Received a gift from Okawaru
 34634 | Abyss:3  | Reached skill level 22 in Long Blades
 34640 | Elf:3    | Escaped the Abyss
 34892 | Elf:3    | Identified the +3 chain mail "Exo Inamifuxt" {Int+5 Slay+3}
 35152 | Elf:3    | Identified the cursed +2 triple crossbow "Kuesig" {venom,
                  | rC+} (You found it on level 3 of the Elven Halls)
 35159 | Elf:3    | Identified Bykkafor's Catalogue of Assistive Darkness
 35252 | Elf:3    | Received a gift from Okawaru
 35256 | Elf:3    | Reached skill level 10 in Dodging
 35879 | Depths:1 | Entered Level 1 of the Depths
 36060 | Depths:1 | Found a gateway to a ziggurat.
 36445 | Depths:1 | Reached XP level 21. HP: 168/182 MP: 25/25
 36546 | Depths:1 | Found a gateway to Hell.
 36758 | Depths:2 | Received a gift from Okawaru
 37391 | Depths:2 | Reached skill level 23 in Long Blades
 37568 | Depths:2 | Found a runed translucent door.
 37568 | Depths:2 | Found a shimmering altar of Xom.
 37568 | Depths:2 | Noticed confidenceinterval's ghost (adept GrBe)
 37598 | Depths:2 | Killed confidenceinterval's ghost
 37654 | Depths:3 | Received a gift from Okawaru
 37659 | Depths:3 | Identified the +1 swamp dragon scales of the Alphagorgon
                  | {rPois rF+ MR- Dex+7 SInv} (Okawaru gifted it to you on
                  | level 3 of the Depths)
 38155 | Depths:3 | HP: 7/183 [fire giant/fireball (19)]
 38168 | Depths:3 | HP: 2/183 [fire giant/fireball (13)]
 38638 | Depths:3 | Gained mutation: You sometimes gain power by taking damage.
                  | [demonic ancestry]
 38638 | Depths:3 | Reached XP level 22. HP: 123/190 MP: 19/26
 38686 | Depths:3 | Found a one-way gate leading to the halls of Pandemonium.
 38762 | Depths:3 | Received a gift from Okawaru
 39226 | Depths:3 | Reached skill level 24 in Long Blades
 39346 | Depths:3 | Found a stormy altar of Qazlal.
 39359 | Depths:3 | Identified the Compendium of Helpful Lightness
 39402 | Depths:4 | Received a gift from Okawaru
 39488 | Depths:4 | Reached skill level 15 in Armour
 39505 | Depths:4 | Noticed a golden dragon
 39538 | Depths:4 | Killed a golden dragon
 39729 | Depths:4 | Found Yreot's Assorted Antiques.
 39737 | Depths:4 | Bought a potion of heal wounds for 125 gold pieces
 39737 | Depths:4 | Bought a potion of haste for 250 gold pieces
 39892 | Depths:4 | Found a one-way gate to the infinite horrors of the Abyss.
 39931 | Depths:4 | Paralysed by a great orb of eyes for 3 turns
 40018 | Depths:4 | Found a transporter.
 40139 | Depths:4 | Found a transporter.
 40337 | Depths:4 | Found a sparkling altar of Nemelex Xobeh.
 40545 | Depths:5 | Entered Level 5 of the Depths
 40557 | Depths:5 | Noticed a golden dragon
 40572 | Depths:5 | Killed a golden dragon
 40771 | Depths:5 | Received a gift from Okawaru
 40774 | Depths:5 | Identified the +2 great sword "Renlol" {slice, Dex+2}
                  | (Okawaru gifted it to you on level 5 of the Depths)
 40859 | Depths:5 | Reached XP level 23. HP: 193/199 MP: 27/27
 41258 | Depths:5 | Hit by a large rock thrown by a stone giant

Levels and vault maps discovered:
D:1:      nicolae_arrival_somewhat_less_tricky_arrival, layout_basic,
          minivault_25, minmay_misc_feat_hallway, minivault_5
D:2:      layout_basic, lemuel_doored_altar
D:3:      layout_loops_ring, old_standard_altar, marbit_many_paths, minitemple,
          zin_angel, serial_forest, infiniplex_forest_zigzag_2,
          infiniplex_forest_clump_double, infiniplex_forest_pool,
          infiniplex_forest_straight_3, chequers_serial_rivers_room_b,
          uniq_grinder
D:4:      layout_basic, elyvilon_altar_5, kennysheep_flooded_box
D:5:      layout_basic, lemuel_round_altar, first_ration
D:6:      layout_basic
D:7:      layout_cave_pools, minmay_temple_entry_grid, the_bakery, st_stairs_1
D:8:      layout_loops_ring, basic_altar, ebering_ghost_inner_flame,
          bh_walls_and_bars
D:9:      layout_roguey, david_lair_generic, uniq_grum
D:10:     layout_roguey, orc_0_dummy, serial_shops, nicolae_shop_behind_doors
D:11:     layout_cave_pools, enter_bailey_2, serial_shops, nicolae_shop_crystal,
          basic_altar, uniq_nergalle
D:12:     layout_roguey, minmay_rotating_lava
D:13:     layout_cave_pools, skrybe_vaults_entry_preservation, ice2_lemuel
D:14:     layout_rooms, minmay_misc_feat_five, uniq_rupert, uniq_snorg
D:15:     grunt_enter_depths_hoard, layout_long_grid, roderic_lattice_a,
          portal_ice_cave_entry_pillars_2, nicolae_blasting_shop
Lair:1:   layout_cave_pods, grunt_megastairs_2, minmay_lair_oklob_chamber,
          uniq_erica
Lair:2:   layout_concentric_octagons
Lair:3:   layout_roguey, nicolae_swamp_entry_splash_gauntlet, special_room
          [special_room_bee], lemuel_fruit_tree
Lair:4:   layout_loops_ring, dummy_spider_entry
Lair:5:   layout_gridlike, basic_altar, kennysheep_rathole
Lair:6:   cheibrodos_lair_end_hotspot, layout_misc_corridors,
          minmay_slime_entry_oklob_open, serial_bayou_shore_b
Swamp:1:  layout_basic_swamp, evilmike_swamp_ruin_wall
Swamp:2:  layout_basic_swamp, basic_altar
Swamp:3:  layout_basic_swamp, evilmike_swamp_ruin_house_2, swamp_pool4
Swamp:4:  swamp_fiery, layout_basic_swamp, infiniplex_staircase_pool_2
Orc:1:    cheibrodos_orc_bank, layout_caves, serial_shops, shop,
          nicolae_shop_waterfront, shop, shop_fountains, uniq_josephine,
          uniq_sonja
Orc:2:    grunt_orc_community_town_hall, layout_caves,
          grunt_orc_community_big_house_2, grunt_orc_community_big_house_1,
          grunt_orc_community_house_1, grunt_orc_community_house_3,
          grunt_orc_community_house_1, grunt_orc_community_house_2,
          grunt_orc_community_house_1, serial_shops, nicolae_shop_stone
Elf:1:    eino_elf_arrival_customs, layout_loops_cross, serial_shops, shop,
          hangedman_elven_crosses_minicolossus, evilmike_spriggan_trog_shrine
Elf:2:    layout_geoelf_octagon, palyth_stone_intersect, grunt_ministairs_14,
          minmay_elf_demonology
Elf:3:    elf_hall_gauntlet_wide, layout_geoelf_castle
Vaults:1: grunt_vaults_funnel, vaults_mumra_minichess, v_rooms_5,
          vaults_room_ringed_pool, nicolae_vaults_network_quinsquares
          [nicolae_vaults_network_quincunx_subvault,
          nicolae_vaults_network_quincunx_subvault,
          nicolae_vaults_network_quincunx_subvault,
          nicolae_vaults_network_quincunx_subvault],
          nicolae_vaults_little_squares_2, nicolae_vaults_theta, v_misc_4,
          v_misc_9, nicolae_vaults_fighting_squares, vaults_dpeg_ring,
          layout_vaults_ring, nicolae_trove_entry_crossroad, uniq_saint_roka
Vaults:2: gammafunk_vaults_ghost_crypt, hangedman_vaults_nails,
          minmay_crypt_entry_simple_walls, vaults_standard_mumra_lines,
          vaults_room_grunt_arrival_ludios,
          nicolae_vaults_windows_and_doors_thing, v_misc_28, v_rooms_1,
          nicolae_vaults_diagonal_hallway_7, grunt_vaults_hallway_short,
          v_misc_22, layout_vaults_big_cross, serial_shops, shop, basic_altar
Vaults:3: nicolae_vaults_network_quincunx
          [nicolae_vaults_network_quincunx_subvault,
          nicolae_vaults_network_quincunx_subvault,
          nicolae_vaults_network_quincunx_subvault,
          nicolae_vaults_network_quincunx_subvault,
          nicolae_vaults_network_quincunx_subvault], vaults_mumra_hexcomb,
          st_cells, v_alt_pattern_6, nicolae_vaults_yaktaur_gun_rack,
          nicolae_vaults_little_squares_5, hangedman_vaults_nails,
          vaults_dpeg_encased_lava, layout_vaults_omnigrid, uniq_mennas
Vaults:4: vaults_room_fours, nicolae_vaults_network_square, v_misc_2,
          nicolae_vaults_network_s, ontoclasm_vaults_fault, vaults_dpeg_cross,
          ontoclasm_vaults_ring_small, vaults_dpeg_hooks, st_hourglassy,
          v_misc_30, nicolae_vaults_alarming, hangedman_vaults_impose,
          ontoclasm_vaults_ligature, layout_vaults_maze_snakey, serial_shops,
          shop, basic_altar
Depths:1: layout_basic, enter_ziggurat_f, minmay_misc_feat_plants,
          pf_hell_entry_great_geh, drop_trap, lemuel_flame_loot_1
Depths:2: minmay_box_of_statues, layout_cave_pools, pf_hell_entry_tar_spiral,
          ebering_ghost_xom
Depths:3: regret_index_qazlal_generations, layout_basic, hell_entry,
          rand_demon_pan_entry_3
Depths:4: gammafunk_jiyva_shrine, layout_basic, chequers_serial_rivers_marsh,
          abyss_entry, hell_entry, serial_shops, shop,
          nemelex_diamond_rough_becter, infiniplex_staircase_zigzag_4
Depths:5: grunt_zot_entry_gee_three, layout_honeycomb,
          hangedman_decor_clover_reticule, grunt_mini_vestibule,
          minmay_shattered_shrine

Skill      XL: |  1  2  3  4  5  6  7  8  9 10 11 12 13 14 15 16 17 18 19 20 21 22 |
---------------+-------------------------------------------------------------------+-----
Long Blades    | 2 3 4 5 6 7 8 9 11 14 16 18 19 20 21 22 23 24 | 24.0
Fighting       | 4 5 7 8 10 13 14 15 16 17 18 19 20 | 20.9
Invocations    | 1 3 5 6 |  6.1
Armour         | 6 9 11 12 13 14 16 | 16.4
Dodging        | 3 5 6 8 9 10 11 12 | 12.9
Shields        | |  2.6

Action                   |  1- 3 |  4- 6 |  7- 9 | 10-12 | 13-15 | 16-18 | 19-21 | 22-24 || total
-------------------------+-------+-------+-------+-------+-------+-------+-------+-------++-------
Melee: Long sword        |    26 |       |       |       |       |       |       |       ||    26
       Short sword       |    45 |    83 |   391 |   408 |    14 |       |       |       ||   941
       Headbutt          |     7 |    11 |    86 |   225 |   538 |   552 |   554 |   187 ||  2160
       Scimitar          |       |       |       |   368 |   928 |       |       |       ||  1296
       Falchion          |       |       |       |     5 |       |       |       |       ||     5
       Demon blade       |       |       |       |       |   213 |  1222 |       |       ||  1435
       Double sword      |       |       |       |       |   530 |   327 |   968 |       ||  1825
       Triple sword      |       |       |       |       |       |       |   515 |   492 ||  1007
Invok: Heroism           |       |       |     2 |     9 |    20 |    17 |     9 |     5 ||    62
       Finesse           |       |       |       |       |     4 |     7 |     5 |     1 ||    17
Evoke: Wand              |       |       |       |       |     2 |       |     3 |       ||     5
  Use: Potion            |       |     1 |     1 |     1 |     3 |     1 |     2 |       ||     9
       Scroll            |       |       |     5 |     3 |    22 |     5 |    16 |     6 ||    57
 Stab: Confused          |       |       |       |       |     2 |       |       |       ||     2
       Paralysed         |       |       |       |       |       |       |     1 |       ||     1
  Eat: Chunk             |     2 |     4 |    12 |    17 |    26 |    27 |    21 |     6 ||   115
       Ration            |       |       |       |     2 |     2 |     1 |     2 |     1 ||     8
Armor: Scale mail        |    31 |    28 |       |       |       |       |       |       ||    59
       Chain mail        |       |       |   161 |    47 |    95 |       |       |       ||   303
       Skin              |       |       |    40 |       |       |       |       |       ||    40
       Plate armour      |       |       |       |   284 |  1000 |   803 |   777 |   268 ||  3132
       Quicksilver drago |       |       |       |       |       |       |       |     1 ||     1
Dodge: Dodged            |    15 |    15 |    71 |    67 |   235 |   376 |   705 |   335 ||  1819
Block: Shield            |    33 |    33 |   170 |   286 |   907 |   819 |   473 |       ||  2721
       Rpst.: Long sword |     5 |       |       |       |       |       |       |       ||     5
       Scimitar          |       |       |       |     6 |    28 |       |       |       ||    34
       Demon blade       |       |       |       |       |     9 |    40 |       |       ||    49
       Double sword      |       |       |       |       |    17 |    37 |    54 |       ||   108
       Triple sword      |       |       |       |       |       |       |    86 |    60 ||   146

Table legend:
 A = Non-vault XP
 B = Vault XP
 C = Vault XP percentage of total XP
 D = Non-vault monster count
 E = Vault monster count
 F = Vault count percentage of total count
                 A         B        C        D         E       F
            +---------+---------+-------+---------+---------+-------
      Total |  500711 |  359693 |  41.8 |    1198 |     627 |  34.4
            +---------+---------+-------+---------+---------+-------
        D:1 |      23 |       0 |   0.0 |      15 |       0 |   0.0
        D:2 |      61 |       0 |   0.0 |      18 |       0 |   0.0
        D:3 |     131 |     269 |  67.2 |      25 |       2 |   7.4
        D:4 |     477 |       0 |   0.0 |      22 |       0 |   0.0
        D:5 |     819 |       0 |   0.0 |      25 |       0 |   0.0
        D:6 |     709 |       0 |   0.0 |      17 |       0 |   0.0
        D:7 |     831 |     342 |  29.2 |      18 |       2 |  10.0
        D:8 |    1392 |       0 |   0.0 |      16 |       0 |   0.0
        D:9 |    1049 |    2066 |  66.3 |      19 |       9 |  32.1
       D:10 |    7983 |     613 |   7.1 |      48 |       3 |   5.9
       D:11 |    3331 |     816 |  19.7 |      26 |       1 |   3.7
       D:12 |    9257 |    7050 |  43.2 |      42 |      15 |  26.3
       D:13 |   10869 |    6223 |  36.4 |      49 |      21 |  30.0
       D:14 |    6500 |    4198 |  39.2 |      20 |       2 |   9.1
       D:15 |   22811 |    2189 |   8.8 |      53 |       2 |   3.6
     Lair:1 |    3282 |    4061 |  55.3 |      11 |      15 |  57.7
     Lair:2 |    2469 |       0 |   0.0 |      10 |       0 |   0.0
     Lair:3 |    3560 |    2734 |  43.4 |      14 |      22 |  61.1
     Lair:4 |     762 |       0 |   0.0 |       4 |       0 |   0.0
     Lair:5 |    2836 |     159 |   5.3 |       9 |      10 |  52.6
     Lair:6 |   10859 |    9100 |  45.6 |      40 |      28 |  41.2
    Swamp:1 |   10874 |       0 |   0.0 |      24 |       0 |   0.0
    Swamp:2 |    9853 |       0 |   0.0 |      26 |       0 |   0.0
    Swamp:3 |    8815 |       0 |   0.0 |      24 |       0 |   0.0
    Swamp:4 |    9938 |   11760 |  54.2 |      19 |      21 |  52.5
      Orc:1 |    2873 |    1971 |  40.7 |      35 |      21 |  37.5
      Orc:2 |    1813 |    7759 |  81.1 |      31 |      75 |  70.8
      Elf:1 |   27572 |   17625 |  39.0 |      45 |      26 |  36.6
      Elf:2 |   27707 |   31749 |  53.4 |      44 |      42 |  48.8
      Elf:3 |   10897 |   37144 |  77.3 |      20 |      25 |  55.6
   Vaults:1 |   17135 |   23231 |  57.6 |      34 |      34 |  50.0
   Vaults:2 |   10558 |   28392 |  72.9 |      27 |      36 |  57.1
   Vaults:3 |    9503 |   24794 |  72.3 |      21 |      25 |  54.3
   Vaults:4 |   53493 |   24105 |  31.1 |      83 |      30 |  26.5
   Depths:1 |   41947 |       0 |   0.0 |      57 |       0 |   0.0
   Depths:2 |   27806 |   23532 |  45.8 |      38 |      23 |  37.7
   Depths:3 |   58069 |   41652 |  41.8 |      67 |      33 |  33.0
   Depths:4 |   51046 |       0 |   0.0 |      63 |       0 |   0.0
   Depths:5 |   23914 |   34193 |  58.8 |      21 |      26 |  55.3
    Abyss:3 |    6887 |    3242 |  32.0 |      18 |       3 |  14.3
     Bailey |       0 |    2035 | 100.0 |       0 |      21 | 100.0
      IceCv |       0 |    6689 | 100.0 |       0 |      54 | 100.0
            +---------+---------+-------+---------+---------+-------
